 Dungeon Crawl Stone Soup version 0.29-a0-392-g297d3b089c (webtiles) character file.

Game seed: 14619631579102581334

201 dolemite99 the Conjurer (level 5, 0/37 HPs)
             Began as a Gnoll Conjurer on May 9, 2022.
             Slain by Crazy Yiuf
             ... wielding a +4 quarterstaff of chaos
              (14 damage)
             ... on level 3 of the Dungeon.
             The game lasted 00:03:54 (4032 turns).

dolemite99 the Conjurer (Gnoll Conjurer)            Turns: 4032, Time: 00:03:55

Health: 0/37       AC:  5    Str:  6    XL:     5   Next: 79%
Magic:  8/12       EV: 13    Int: 20    God:
Gold:   201        SH:  0    Dex: 10    Spells: 11/14 levels left

rFire   . . .      SeeInvis .   e - +1 dagger (venom)
rCold   . . .      Faith    .   (no shield)
rNeg    . . .      Spirit   .   s - +3 robe of Clouds {*Thunder rCloud rElec}
rPois   .          Reflect  .   (no helmet)
rElec   +          Harm     .   h - scarf {shadows}
rCorr   .          Rampage  .   (no gloves)
Will    .....                   (no boots)
Stlth   ++........              (no amulet)
HPRegen 0.12/turn               i - ring of flight
MPRegen 0.13/turn               (no ring)

@: flying
A: fangs 1, strong nose, distributed training
a: no special abilities


You were on level 3 of the Dungeon.
You visited 1 branch of the dungeon, and saw 3 of its levels.

You collected 201 gold pieces.

Inventory:

Hand Weapons
 e - a +1 dagger of venom (weapon)
 m - a +2 short sword of protection
 p - a +0 quarterstaff
 q - a +0 hunting sling
 r - a +1 war axe of freezing
Missiles
 l - 9 poisoned darts
Armour
 a - a +0 robe
 h - a scarf of shadows (worn)
 s - the +3 robe of Clouds (worn) {*Thunder rCloud rElec}
   (You found it on level 3 of the Dungeon)

   It occasionally creates storm clouds above nearby enemies.
   It grants its wearer immunity to clouds.
   rElec:     It insulates you from electricity.
 u - a +0 buckler
Jewellery
 i - a ring of flight (left hand)
 o - a +4 ring of protection
Scrolls
 d - 3 scrolls of identify {unknown}
 f - a scroll of magic mapping {unknown}
 j - 2 scrolls of noise
 k - 2 scrolls of teleportation {unknown}
Potions
 b - a potion of magic
 c - 2 potions of mutation {unknown}
 g - a potion of brilliance {unknown}
 n - a potion of degeneration {unknown}
 t - a potion of might {unknown}
 v - a potion of resistance {unknown}


   Skills:
 + Level 1.6 Fighting
 + Level 1.6 Short Blades
 + Level 1.6 Long Blades
 + Level 1.6 Axes
 + Level 1.6 Maces & Flails
 + Level 1.6 Polearms
 + Level 1.6 Staves
 + Level 1.6 Slings
 + Level 1.6 Bows
 + Level 1.6 Crossbows
 + Level 1.6 Throwing
 + Level 1.6 Armour
 + Level 4.8 Dodging
 + Level 4.4 Stealth
 + Level 1.6 Shields
 + Level 1.6 Unarmed Combat
 + Level 5.2 Spellcasting
 + Level 7.2 Conjurations
 + Level 1.3 Hexes
 + Level 1.3 Summonings
 + Level 1.3 Necromancy
 + Level 1.3 Translocations
 + Level 1.3 Transmutations
 + Level 1.3 Fire Magic
 + Level 1.3 Ice Magic
 + Level 1.3 Air Magic
 + Level 1.3 Earth Magic
 + Level 1.3 Poison Magic
 + Level 1.8 Invocations
 + Level 1.6 Evocations


You had 11 spell levels left.
You knew the following spells:

 Your Spells              Type           Power      Damage    Failure   Level
a - Magic Dart            Conj           100%       1d8       1%          1
b - Searing Ray           Conj           68%        2d6       1%          2

Your spell library contained the following spells:

 Spells                   Type           Power      Damage    Failure   Level
 Dazzling Flash           Conj/Hex       44%        N/A       6%          3
 Fulminant Prism          Conj/Hex       11%        3d9       19%         4
 Iskenderun's Mystic Bla  Conj/Tloc      22%        2d6       19%         4
 Tukima's Dance           Hex            10%        N/A       21%         3
 Passage of Golubria      Tloc           10%        N/A       54%         4
 Yara's Violent Unravell  Hex/Tmut       5%         3d4       88%         5


Dungeon Overview and Level Annotations

Branches:
Dungeon (3/15)

Altars:
Ashenzari
Uskayaw

Annotations:
D:3 Crazy Yiuf


Innate Abilities, Weirdness & Mutations

You have very sharp teeth.
Your uncanny sense of smell can sniff out nearby items.
Your experience applies equally to all skills.


Message History

You can't see any susceptible monsters within range! (Use Z to cast anyway.)
Casting: Magic Dart (safe; 1% risk of failure)
Confirm with . or Enter, or press ? or * to list all spells.
You can't see any susceptible monsters within range! (Use Z to cast anyway.) HP restored.
Things that are here:
a +0 mace; a goblin corpse You see here a +0 mace.
There is a stone staircase leading down here.
Found a +0 dagger.
You see here a +0 dagger.
Found a dagger.
Found a spear.
You see here a +0 dagger.
Found six maces.
Found a runed translucent door.
You see here a +0 spear.
Found two maces.
Crazy Yiuf shouts!
You see here a +0 mace.
You see here a +0 mace.
Found three maces.
You see here a +0 mace.
You reach down and open the door.
Casting: Magic Dart (safe; 1% risk of failure)
Confirm with . or Enter, or press ? or * to list all spells.
Aiming: Searing Ray (safe; 1% risk of failure)
Press: ? - help, Shift-Dir - straight line, f - Crazy Yiuf
Aim: Crazy Yiuf, wielding a +4 quarterstaff of chaos and wearing a +0 cloak of preservation (83% to hit)
The searing ray hits Crazy Yiuf.
Crazy Yiuf is lightly wounded. (Press . to maintain the ray.) Crazy Yiuf cries, "You leg down broken song, no?"
Crazy Yiuf hits you with a +4 quarterstaff of chaos!
The searing ray hits Crazy Yiuf!
Crazy Yiuf is heavily wounded.
Crazy Yiuf hits you with a +4 quarterstaff of chaos!
The searing ray hits Crazy Yiuf!
Crazy Yiuf is almost dead.
Crazy Yiuf hits you with a +4 quarterstaff of chaos!
You die...

###### #.##.# #.# ##...## #.#
#.# #.....# #.# #.# ...#..#
### #.# #.....# ##.## ##...##
#...# .##.######♣♣ ### ##..#
..#†###..#.♣♣ ♣♣#)))# #...#
..#)##......♣♣♣♣@g)).# ###.#
..#.##......)♣))♣#)))# ###.###
.##.##...#..♣)♣♣♣ ### #.....#
##...##.##♣♣♣♣♣ #.....####
#.....#.# #......... ...#..#.#
###########.[...###.
#.....#.######...>.[.........#
#.
##...##...).....##.####..#####
#. #######.######.###.# #..#
#.


You could see Crazy Yiuf.

Vanquished Creatures
  A hound (D:3)
  3 gnolls (D:3)
  5 adders
  4 worms
  A dart slug (D:2)
  An orc (D:3)
  2 endoplasms
  4 giant cockroaches
  8 hobgoblins
  8 jackals
  6 kobolds
  7 ball pythons
  5 bats
  4 frilled lizards
  17 goblins
  4 rats (D:1)
80 creatures vanquished.

Notes
Turn   | Place    | Note
-------+----------+-------------------------------------------
     0 | D:1      | dolemite99 the Gnoll Conjurer began the quest for the Orb.
     0 | D:1      | Reached XP level 1. HP: 13/13 MP: 6/6
   157 | D:1      | Reached XP level 2. HP: 19/19 MP: 4/7
   975 | D:1      | Reached XP level 3. HP: 25/25 MP: 7/9
  1001 | D:1      | Reached skill level 5 in Spellcasting
  1097 | D:2      | Learned a level 2 spell: Searing Ray
  1391 | D:2      | Reached skill level 1 in Invocations
  1573 | D:2      | Reached skill level 1 in Fighting
  1573 | D:2      | Reached skill level 1 in Short Blades
  1573 | D:2      | Reached skill level 1 in Long Blades
  1573 | D:2      | Reached skill level 1 in Axes
  1573 | D:2      | Reached skill level 1 in Maces & Flails
  1573 | D:2      | Reached skill level 1 in Polearms
  1573 | D:2      | Reached skill level 1 in Staves
  1573 | D:2      | Reached skill level 1 in Slings
  1573 | D:2      | Reached skill level 1 in Bows
  1573 | D:2      | Reached skill level 1 in Crossbows
  1573 | D:2      | Reached skill level 1 in Throwing
  1573 | D:2      | Reached skill level 1 in Armour
  1573 | D:2      | Reached skill level 1 in Shields
  1573 | D:2      | Reached skill level 1 in Unarmed Combat
  1573 | D:2      | Reached skill level 1 in Evocations
  1786 | D:2      | Reached XP level 4. HP: 32/32 MP: 8/11
  2451 | D:3      | Found a broken altar of Ashenzari.
  2565 | D:3      | Reached skill level 1 in Hexes
  2565 | D:3      | Reached skill level 1 in Summonings
  2565 | D:3      | Reached skill level 1 in Necromancy
  2565 | D:3      | Reached skill level 1 in Translocations
  2565 | D:3      | Reached skill level 1 in Transmutations
  2565 | D:3      | Reached skill level 1 in Fire Magic
  2565 | D:3      | Reached skill level 1 in Ice Magic
  2565 | D:3      | Reached skill level 1 in Air Magic
  2565 | D:3      | Reached skill level 1 in Earth Magic
  2565 | D:3      | Reached skill level 1 in Poison Magic
  2621 | D:3      | Found the +3 robe of Clouds {*Thunder rCloud rElec}
  2630 | D:3      | Reached XP level 5. HP: 25/37 MP: 4/12
  3499 | D:3      | Found a hide-covered altar of Uskayaw.
  4025 | D:3      | Found a runed translucent door.
  4026 | D:3      | Noticed Crazy Yiuf
  4032 | D:3      | Slain by Crazy Yiuf

Illustrated notes

Levels and vault maps discovered:
D:1:      dpeg_arrival_orchard, layout_basic
D:2:      layout_loops_corners, minmay_tripent
D:3:      minmay_octagon_keep, layout_loops_ring,
          mainiacjoe_overflow_surrounded_room, mainiacjoe_overflow_paths,
          nicolae_elevator_lobby_asterisk, uniq_crazy_yiuf_cottage, uniq_robin

Skill      XL: |  1  2  3  4 |
---------------+-------------+-----
Spellcasting   | 5 |  5.2
Invocations    | 1 |  1.8
Fighting       | 1 |  1.6
Short Blades   | 1 |  1.6
Long Blades    | 1 |  1.6
Axes           | 1 |  1.6
Maces & Flails | 1 |  1.6
Polearms       | 1 |  1.6
Staves         | 1 |  1.6
Slings         | 1 |  1.6
Bows           | 1 |  1.6
Crossbows      | 1 |  1.6
Throwing       | 1 |  1.6
Armour         | 1 |  1.6
Shields        | 1 |  1.6
Unarmed Combat | 1 |  1.6
Evocations     | 1 |  1.6
Hexes          | 1 |  1.3
Summonings     | 1 |  1.3
Necromancy     | 1 |  1.3
Translocations | 1 |  1.3
Transmutations | 1 |  1.3
Fire Magic     | 1 |  1.3
Ice Magic      | 1 |  1.3
Air Magic      | 1 |  1.3
Earth Magic    | 1 |  1.3
Poison Magic   | 1 |  1.3
Dodging        | |  4.8
Stealth        | |  4.4
Conjurations   | |  7.2

Action                   |  1- 3 |  4- 6 || total
-------------------------+-------+-------++-------
Melee: Dagger            |       |     3 ||     3
 Cast: Magic Dart        |    57 |    28 ||    85
       Searing Ray       |     5 |    21 ||    26
  Use: Scroll            |     1 |       ||     1
Armor: Robe              |       |     7 ||     7
Dodge: Dodged            |     3 |    16 ||    19

Table legend: (Time is in decaauts)
 A = Elapsed time spent in this place.
 B = Non-inter-level travel time spent in this place.
 C = Inter-level travel time spent in this place.
 D = Time resting spent in this place.
 E = Time spent auto-exploring this place.
 F = Levels seen in this place.
 G = Mean time per level.
                   A        B        C        D        E       F      G
               +--------+--------+--------+--------+--------+-----+--------+
         Total |   4030 |   3970 |     60 |    890 |   2466 |   3 | 1343.3 |
       Dungeon |   4030 |   3970 |     60 |    890 |   2466 |   3 | 1343.3 |
               +--------+--------+--------+--------+--------+-----+--------+

Top non-repeatable levels by time:
     D:3: 1581 daAuts
     D:2: 1386 daAuts
     D:1: 1062 daAuts
